 Dungeon Crawl Stone Soup version 0.29.1-15-g9cfb28693d (webtiles) character file.

Game seed: 4804268988457648835

5926 booth the Reanimator (level 10, -1/74 HPs)
             Began as a Demonspawn Necromancer on Mar 3, 2023.
             Was a High Priest of Jiyva.
             Slain by a seven-headed hydra (6 damage)
             ... on level 11 of the Dungeon on Mar 5, 2023.
             The game lasted 01:25:05 (8947 turns).

booth the Reanimator (Demonspawn Necromancer)       Turns: 8947, Time: 01:25:05

Health: -1/74      AC: 12    Str:  9    XL:     10   Next: 53%
Magic:  18/18      EV: 14    Int: 26    God:    Jiyva [*****.]
Gold:   140        SH:  0    Dex: 16    Spells: 11/19 levels left

rFire   . . .      SeeInvis .   j - +1 flail (vorpal)
rCold   . . .      Faith    .   (no shield)
rNeg    + . .      Spirit   .   M - +2 robe {Archmagi}
rPois   .          Reflect  .   (helmet unavailable)
rElec   .          Harm     .   e - +0 cloak
rCorr   +          Rampage  .   a - +0 pair of gloves
Will    +....      Archmagi +   m - +1 pair of boots
Stlth   +++.......              (no amulet)
HPRegen 1.66/turn               x - ring of positive energy
MPRegen 0.61/turn               A - +4 ring of protection

@: animating dead
A: claws 1, ignite blood 1, spiny 2, big brain 2, horns 3, talons 1, agile 1,
clever 1, strong-willed 1, pseudopods 3, jelly absorbing missiles
a: Renounce Religion, Oozemancy, Slimify


You were on level 11 of the Dungeon.
You worshipped Jiyva.
Jiyva was extremely pleased with you.
You visited 1 branch of the dungeon, and saw 11 of its levels.

You collected 345 gold pieces.
You spent 205 gold pieces at shops.

Inventory:

Hand Weapons
 d - a +0 dagger of venom
 h - a +0 mace of freezing
 j - a +1 vorpal flail (weapon)
 s - a +0 quarterstaff
 y - a +0 hand axe of venom
 E - a +0 mace of protection
Missiles
 o - 30 poisoned darts (quivered)
 w - 6 throwing nets
 C - a curare-tipped dart
 H - 4 boomerangs
 I - 4 atropa-tipped darts
Armour
 a - a +0 pair of gloves (worn)
 e - a +0 cloak (worn)
 f - a +2 animal skin
 k - a scarf of repulsion
 m - a +1 pair of boots (worn)
 q - a +0 leather armour
 r - a +1 scale mail of fire resistance
 M - a +2 robe of the Archmagi (worn)
Jewellery
 i - a ring of see invisible
 x - a ring of positive energy (left hand)
 A - a +4 ring of protection (right hand)
Wands
 B - a wand of paralysis (8)
 F - a wand of mindburst (8)
 G - a wand of iceblast (6)
Scrolls
 J - 2 scrolls of teleportation
 K - 3 scrolls of identify
 L - 3 scrolls of enchant armour
Potions
 b - a potion of magic
 c - a potion of brilliance
 g - a potion of resistance
 l - 2 potions of berserk rage
 n - a potion of mutation
 p - a potion of curing
 t - a potion of attraction
 u - a potion of haste
 v - 3 potions of heal wounds
Miscellaneous
 D - a phantom mirror


   Skills:
 + Level 5.2 Fighting
 + Level 4.9 Maces & Flails
 + Level 4.6 Armour
 + Level 5.5 Dodging
 + Level 6.0 Stealth
 + Level 5.4 Spellcasting
 * Level 10.1 Necromancy


You had 11 spell levels left.
You knew the following spells:

 Your Spells              Type           Power      Damage    Failure   Level
a - Necrotise             Necr           100%       1d9       1%          1
b - Vampiric Draining     Necr           73%        2d11      1%          3
c - Animate Dead          Necr           73%        N/A       1%          4

Your spell library contained the following spells:

 Spells                   Type           Power      Damage    Failure   Level
 Agony                    Necr           73%        N/A       3%          5
 Magic Dart               Conj           40%        1d5       8%          1
 Searing Ray              Conj           20%        2d5       11%         2
 Ozocubu's Armour         Ice            10%        N/A       22%         3
 Fulminant Prism          Conj/Hex       5%         3d7       58%         4
 Ozocubu's Refrigeration  Ice            5%         4d8       100%        7


Dungeon Overview and Level Annotations

Branches:
Dungeon (11/15)            Temple (0/1) D:4            Lair (0/5) D:9
    Orc: D:9-12

Altars:
Dithmenos
Gozag
Hepliaklqana
Makhleb
Qazlal
Jiyva

Shops:
D:5 *   D:6 *   D:10 ?


Innate Abilities, Weirdness & Mutations

You have sharp fingernails.
Your demonic aura sometimes causes spilled blood to erupt in flames.
You are mostly covered in sharp spines.
You have an extremely huge brain. (Int +4)
You have a pair of large horns on your head.
You have sharp toenails.
You are agile. (Dex +4, Str/Int -1)
Your mind is acute. (Int +4, Str/Dex -1)
You are strong-willed. (Will+)
Armour fits poorly on your massive pseudopods.
You have a small jelly attached to you that may absorb projectiles.


Message History

The seven-headed hydra barely misses you. x2
The seven-headed hydra bites you!
The seven-headed hydra barely misses you.
You barely miss the seven-headed hydra.
Your headbutt misses the seven-headed hydra.
Your bludgeon misses the seven-headed hydra.
The seven-headed hydra is lightly wounded.
The seven-headed hydra is struck by your spines.
The seven-headed hydra barely misses you. x3
The seven-headed hydra bites you.
The seven-headed hydra bites you but does no damage.
The seven-headed hydra barely misses you.
The seven-headed hydra bites you!
You hit the seven-headed hydra. You headbutt the seven-headed hydra.
Your bludgeon misses the seven-headed hydra.
The seven-headed hydra is moderately wounded.
The seven-headed hydra bites you.
The seven-headed hydra closely misses you.
The seven-headed hydra bites you.
The seven-headed hydra closely misses you.
The seven-headed hydra bites you.
The seven-headed hydra closely misses you. x2
You thump the seven-headed hydra! You punch the seven-headed hydra.
You bludgeon the seven-headed hydra.
The seven-headed hydra is heavily wounded.
The seven-headed hydra is struck by your spines.
The seven-headed hydra bites you!
* * * LOW HITPOINT WARNING * * *
The seven-headed hydra bites you.
* * * LOW HITPOINT WARNING * * *
The seven-headed hydra bites you but does no damage.
The seven-headed hydra closely misses you.
The seven-headed hydra bites you but does no damage.
The seven-headed hydra bites you!
* * * LOW HITPOINT WARNING * * *
The seven-headed hydra bites you.
* * * LOW HITPOINT WARNING * * *
As you read the scroll of butterflies, it crumbles to dust.
You hear the tinkle of a tiny bell.
The seven-headed hydra bites you.
You die...

#...... #.#))#
#....... #....#
######## #....#
#......# #....#
#......# #....#
#......######....#
#......#....#.bbb#
#....[.#....#.bbb#
#......#....#.bb@#
#......#....#.bbD#
#......#....#.##b#
#......####'#. #.#
.......#....#. ..#
..###..#....# ..#
..###..#....# ...#
.......#....# ...#
.#####)#.)..#.##.#


You could see a seven-headed hydra (ally target).

Vanquished Creatures
  Harold (D:9)
  Maurice (D:8)
  Psyche (D:9)
  A wyvern (D:7)
  Eustachio (D:4)
  A steam dragon (D:7)
  Edmund (D:5)
  2 sky beasts
  Duvessa (D:5)
  2 ice beasts
  7 orc warriors
  2 wolves (D:8)
  An ogre (D:5)
  5 centaurs
  A phantom (D:7)
  Blork the orc (D:5)
  2 kobold brigands
  A necrophage (D:4)
  A bullfrog (D:7)
  3 scorpions
  3 wights (D:7)
  Dowan (D:5)
  3 killer bees (D:9)
  4 howler monkeys
  6 orc priests
  3 hounds
  3 gnoll boudas
  Ijyb (D:3)
  6 iguanas
  10 orc wizards
  A killer bee zombie (D:9)
  Robin (D:3)
  7 gnolls
  6 adders
  2 white imps (D:6)
  An ufetubus (D:5)
  An adder zombie (D:5)
  A worm (D:2)
  2 dart slugs (D:3)
  43 orcs
  8 ball pythons
  An endoplasm (D:1)
  3 giant cockroaches
  13 goblins
  7 hobgoblins
  A jackal (D:4)
  A quokka (D:3)
  2 bats (D:3)
  4 frilled lizards
  A gnoll zombie (D:9)
  9 kobolds
  5 kobold zombies (D:9)
  4 orc zombies
  6 rats
206 creatures vanquished.

Vanquished Creatures (collateral kills)
  A wraith (D:10)
  Grum (D:8)
  A steam dragon (D:8)
  An orc warrior (D:9)
  A wolf (D:8)
  2 gnolls (D:9)
  3 orcs
  A goblin (D:3)
  A frilled lizard (D:1)
12 creatures vanquished.

Vanquished Creatures (others)
  A wraith (D:10)
  An ice beast (D:4)
  A wolf (D:8)
  An ogre (D:4)
  3 centaurs
  A kobold brigand (D:10)
  A bullfrog (D:8)
  2 wights (D:7)
  A howler monkey (D:6)
  A wolf zombie (D:8)
  A bullfrog zombie (D:7)
  31 jellies
  3 centaur zombies (D:11)
  3 orc priests
  A hound (D:5)
  An orc wizard (D:8)
  A killer bee zombie (D:9)
  A kobold zombie (D:7)
  2 gnolls (D:9)
  3 adders
  A dart slug (D:2)
  3 endoplasms
  6 orcs
  3 giant cockroaches
  7 gnoll zombies
  2 goblins
  2 hobgoblins (D:2)
  2 jackals (D:4)
  3 quokkas
  A ball python (D:2)
  4 kobolds
  20 orc zombies
  2 rats (D:2)
116 creatures vanquished.

Grand Total: 334 creatures vanquished

Notes
Turn   | Place    | Note
-------+----------+-------------------------------------------
     0 | D:1      | booth the Demonspawn Necromancer began the quest for the
                  | Orb.
     0 | D:1      | Reached XP level 1. HP: 13/13 MP: 3/3
   311 | D:1      | Gained mutation: You have sharp fingernails. [demonic
                  | ancestry]
   311 | D:1      | Reached XP level 2. HP: 18/19 MP: 0/5
   444 | D:1      | Found a faded altar of an unknown god.
   462 | D:1      | Prayed at the altar of an unknown god.
   462 | D:1      | Became a worshipper of Jiyva Jikhlaum the Shapeless
   462 | D:1      | Reached * piety under Jiyva
  1017 | D:2      | Gained mutation: You are partially covered in sharp spines.
                  | [demonic ancestry]
  1017 | D:2      | Reached XP level 3. HP: 22/24 MP: 3/6
  1042 | D:2      | Reached ** piety under Jiyva
  1386 | D:3      | Noticed Robin
  1409 | D:3      | Reached skill level 5 in Necromancy
  1422 | D:3      | Killed Robin
  1423 | D:3      | Reached XP level 4. HP: 21/30 MP: 7/7
  1586 | D:3      | Found a stormy altar of Qazlal.
  1678 | D:3      | Noticed Ijyb
  1695 | D:3      | Killed Ijyb
  1721 | D:3      | Learned a level 3 spell: Vampiric Draining
  1726 | D:3      | Learned a level 4 spell: Animate Dead
  2086 | D:4      | Reached XP level 5. HP: 36/36 MP: 9/9
  2104 | D:4      | Reached *** piety under Jiyva
  2228 | D:4      | Noticed Eustachio
  2246 | D:4      | Killed Eustachio
  2247 | D:4      | Reached skill level 1 in Fighting
  2247 | D:4      | Reached skill level 1 in Maces & Flails
  2247 | D:4      | Reached skill level 1 in Armour
  2247 | D:4      | Gained mutation: Your demonic aura sometimes causes spilled
                  | blood to erupt in flames. [demonic ancestry]
  2247 | D:4      | Reached XP level 6. HP: 43/43 MP: 8/10
  2330 | D:4      | Killed an ice beast
  2490 | D:4      | Reached skill level 6 in Necromancy
  2569 | D:4      | Found a staircase to the Ecumenical Temple.
  2845 | D:5      | Entered Level 5 of the Dungeon
  2889 | D:5      | Noticed Edmund
  2940 | D:5      | Reached XP level 7. HP: 31/49 MP: 11/11
  3092 | D:5      | Killed Edmund
  3125 | D:5      | Gained mutation: You have a pair of small horns on your
                  | head. [Jiyva's grace]
  3125 | D:5      | Gained mutation: You have a pair of horns on your head.
                  | [Jiyva's grace]
  3125 | D:5      | Gained mutation: You have a pair of large horns on your
                  | head. [Jiyva's grace]
  3125 | D:5      | Gained mutation: You are agile. (Dex +4, Str/Int -1)
                  | [Jiyva's grace]
  3177 | D:5      | Reached **** piety under Jiyva
  3199 | D:5      | Found Liplikkomo's Fire Supplies.
  3369 | D:5      | Noticed Blork the orc
  3526 | D:5      | Killed Blork the orc
  3539 | D:5      | Noticed Duvessa
  3539 | D:5      | Noticed Dowan
  3556 | D:5      | Killed Duvessa
  3557 | D:5      | Reached skill level 7 in Necromancy
  3557 | D:5      | Gained mutation: You have an unusually large brain. (Int
                  | +2) [demonic ancestry]
  3557 | D:5      | Reached XP level 8. HP: 41/57 MP: 13/13
  3564 | D:5      | Killed Dowan
  4082 | D:6      | Found Dir Qaag's Overcharged Wands.
  4258 | D:6      | You fall into a shaft and drop 1 floor!
  4826 | D:6      | Lost mutation: You have a pair of large horns on your head.
                  | [potion of mutation]
  4826 | D:6      | Lost mutation: You have a pair of horns on your head.
                  | [potion of mutation]
  4826 | D:6      | Gained mutation: You are strong-willed. (Will+) [potion of
                  | mutation]
  4826 | D:6      | Gained mutation: You have very sharp teeth. [potion of
                  | mutation]
  4826 | D:6      | Gained mutation: You have sharp toenails. [potion of
                  | mutation]
  4988 | D:7      | Reached skill level 8 in Necromancy
  5021 | D:7      | Gained mutation: You have an extremely huge brain. (Int +4)
                  | [demonic ancestry]
  5021 | D:7      | Reached XP level 9. HP: 20/59 MP: 15/15
  5389 | D:8      | Reached ***** piety under Jiyva
  5577 | D:8      | Noticed Maurice
  5578 | D:8      | Gained mutation: Armour fits poorly on your pseudopods.
                  | [Jiyva's grace]
  5578 | D:8      | Gained mutation: Armour fits poorly on your large
                  | pseudopods. [Jiyva's grace]
  5578 | D:8      | Gained mutation: Armour fits poorly on your massive
                  | pseudopods. [Jiyva's grace]
  5578 | D:8      | Gained mutation: You are covered in slimy tendrils that may
                  | disarm your opponents. [Jiyva's grace]
  5659 | D:8      | Killed Maurice
  5660 | D:8      | Reached skill level 5 in Stealth
  5881 | D:8      | Found a viscous altar of Jiyva.
  6205 | D:8      | Found a hazy altar of Hepliaklqana.
  6205 | D:8      | Found a shadowy altar of Dithmenos.
  6256 | D:8      | Found an opulent altar of Gozag.
  6261 | D:8      | Found a burning altar of Makhleb.
  6417 | D:8      | Noticed Grum
  6447 | D:8      | Killed Grum
  6455 | D:8      | Reached skill level 9 in Necromancy
  6779 | D:9      | Found a staircase to the Lair.
  7188 | D:9      | Reached skill level 5 in Dodging
  7190 | D:9      | Reached skill level 5 in Spellcasting
  7296 | D:9      | Noticed Psyche
  7315 | D:9      | Killed Psyche
  7316 | D:9      | Gained mutation: You are mostly covered in sharp spines.
                  | [demonic ancestry]
  7316 | D:9      | Reached XP level 10. HP: 70/73 MP: 15/17
  7423 | D:9      | Noticed Harold
  7429 | D:9      | Paralysed by Harold for 2 turns
  7438 | D:9      | Paralysed by Harold for 4 turns
  7446 | D:9      | Killed Harold
  7751 | D:10     | Entered Level 10 of the Dungeon
  7829 | D:10     | Reached skill level 5 in Fighting
  7890 | D:10     | Lost mutation: You have very sharp teeth. [Jiyva's grace]
  7890 | D:10     | Lost mutation: You are covered in slimy tendrils that may
                  | disarm your opponents. [Jiyva's grace]
  7890 | D:10     | Gained mutation: You have a pair of horns on your head.
                  | [Jiyva's grace]
  7890 | D:10     | Gained mutation: You have a pair of large horns on your
                  | head. [Jiyva's grace]
  7890 | D:10     | Gained mutation: You have a small jelly attached to you
                  | that may absorb projectiles. [Jiyva's grace]
  7890 | D:10     | Gained mutation: Your mind is acute. (Int +4, Str/Dex -1)
                  | [Jiyva's grace]
  8044 | D:10     | Found Sililiem's Magic Scroll Emporium.
  8057 | D:10     | Bought a scroll of teleportation for 30 gold pieces
  8057 | D:10     | Bought a scroll of identify for 20 gold pieces
  8057 | D:10     | Bought a scroll of enchant armour for 75 gold pieces
  8057 | D:10     | Bought a scroll of identify for 20 gold pieces
  8057 | D:10     | Bought a scroll of identify for 20 gold pieces
  8057 | D:10     | Bought a scroll of identify for 20 gold pieces
  8057 | D:10     | Bought a scroll of identify for 20 gold pieces
  8237 | D:10     | Noticed a boulder beetle
  8312 | D:10     | HP: 3/74 [orc warrior/+0 scimitar (16)]
  8518 | D:11     | Noticed a gargoyle
  8568 | D:11     | Noticed a seven-headed hydra
  8854 | D:11     | Reached skill level 10 in Necromancy
  8946 | D:11     | HP: 3/74 [seven-headed hydra (5)]
  8947 | D:11     | Slain by a seven-headed hydra

Illustrated notes

Levels and vault maps discovered:
D:1:      nzn_arrival_crosshair, layout_loops_cross,
          chequers_ecumenical_altar_simple_redux
D:2:      layout_rooms
D:3:      kb_forest_paths, layout_rooms, mainiacjoe_overflow_24_doors,
          uniq_ijyb, uniq_robin
D:4:      layout_rooms, minmay_temple_entry_stoned_glass, serial_corexii_hall,
          corexii_hall_statues_s, chequers_hall_statues_corner_a,
          corexii_hall_statues_t, corexii_hall_statues_l,
          chequers_hall_statues_wall_a, corexii_hall_statues_x, uniq_eustachio
D:5:      layout_layer_cave, chequers_hall_statues_wall_a,
          nicolae_shop_fire_sale [nicolae_sub_dead_trees],
          kennysheep_another_room, uniq_blork_the_orc, uniq_edmund, uniq_duvessa
D:6:      layout_loops_ring, nicolae_shop_overcharged_wands
D:7:      minmay_angry_zag, layout_basic
D:8:      layout_basic, riverfiend_overflow_shadow_ancestor,
          mainiacjoe_overflow_divided_tiny, jiyva_altar_1, uniq_grum,
          uniq_maurice
D:9:      layout_irregular_city, lair_entry_dummy, minmay_misc_feat_nine_boxes,
          uniq_psyche, uniq_harold
D:10:     layout_rooms, serial_shops, nicolae_shop_advertising_works
          [nicolae_subvault_shop_adworks], evilmike_minifort
D:11:     layout_stronghold, david_orc_4

Skill      XL: |  1  2  3  4  5  6  7  8  9 10 |
---------------+-------------------------------+-----
Stealth        | 2 3 4 5 6 |  6.0
Dodging        | 2 3 4 5 |  5.5
Necromancy     | 5 6 7 8 9 10 | 10.1
Fighting       | 1 2 3 4 5 |  5.2
Maces & Flails | 1 2 3 4 |  4.9
Armour         | 1 2 3 4 |  4.6
Spellcasting   | 3 4 5 |  5.4

Action                   |  1- 3 |  4- 6 |  7- 9 | 10-12 || total
-------------------------+-------+-------+-------+-------++-------
Melee: Unarmed           |    27 |       |       |       ||    27
       Dagger            |    16 |    94 |   107 |       ||   217
       Punch             |     1 |     1 |     2 |     3 ||     7
       Headbutt          |       |       |    41 |    22 ||    63
       Kick              |       |       |    19 |       ||    19
       Bite              |       |       |    14 |     5 ||    19
       Mace              |       |       |    74 |    70 ||   144
       Pseudopods        |       |       |     8 |    21 ||    29
       Flail             |       |       |       |    34 ||    34
Throw: Dart              |       |       |     5 |     4 ||     9
       Boomerang         |       |       |       |     2 ||     2
 Cast: Necrotise         |    44 |    38 |    57 |     7 ||   146
       Animate Dead      |       |     2 |    15 |     6 ||    23
Invok: Oozemancy         |       |       |     1 |     1 ||     2
       Slimify           |       |       |     1 |       ||     1
  Use: Scroll            |     1 |     4 |     5 |     5 ||    15
       Potion            |       |     3 |     3 |     1 ||     7
 Stab: Sleeping          |       |       |     3 |       ||     3
       Distracted        |       |       |     1 |     2 ||     3
Armor: Robe              |     7 |     7 |    10 |    22 ||    46
       Skin              |       |       |    12 |       ||    12
       Animal skin       |       |       |     4 |    12 ||    16
Dodge: Dodged            |    32 |    45 |   148 |    92 ||   317
       Repelled          |       |       |     4 |       ||     4
